 Dungeon Crawl Stone Soup version 0.21-a0-29-g43b3074 (webtiles) character file.

137145 tilp the Severer (level 17, -5/156 HPs)
             Began as a Hill Orc Fighter on May 25, 2017.
             Was the Champion of Okawaru.
             Blown up by an orb spider (24 damage)
             ... with an orb of destruction
             ... on level 4 of the Spider Nest on May 26, 2017.
             The game lasted 02:08:47 (31562 turns).

tilp the Severer (Hill Orc Fighter)                Turns: 31562, Time: 02:08:48

Health: -5/156     AC: 32    Str: 27 (29) XL:     17   Next: 23%
Magic:  24/24      EV:  9    Int:  8      God:    Okawaru [******]
Gold:   2035       SH: 19    Dex:  9 (10) Spells: 16/16 levels left

rFire    + . .     SeeInvis .   W - +10 war axe "Liorew" {protect, MR+}
rCold    . . .     Gourm    .   c - +2 shield
rNeg     . . .     Faith    .   i - +3 plate armour
rPois    +         Spirit   .   b - +0 helmet "Hatott" {rF+}
rElec    .         Reflect  +   G - +1 cloak
rCorr    .         Harm     .   j - +2 pair of gloves {Str+3}
MR       ++...                  Z - +1 pair of boots
Stlth    ..........             T - +4 amulet of reflection
Regen    0.4/turn               H - +3 ring of protection
MPRegen  0.2/turn               L - ring of poison resistance

@: no status effects
A: no striking features
a: Heroism, Finesse, Renounce Religion


You were on level 4 of the Spider Nest.
You worshipped Okawaru.
Okawaru was exalted by your worship.
You were hungry.

You visited 5 branches of the dungeon, and saw 28 of its levels.
You also visited: Volcano.

You collected 2874 gold pieces.
You spent 839 gold pieces at shops.

Inventory:

Hand Weapons
 I - a +3 antimagic battleaxe
 J - a +5 demon blade of flaming
 W - the +10 war axe "Liorew" (weapon) {protect, MR+}
   (Okawaru gifted it to you on level 3 of the Lair of Beasts)

   It protects the one who uses it against injury (+AC on strike).
   It affects your resistance to hostile enchantments.
Armour
 b - the +0 helmet "Hatott" (worn) {rF+}
   (You bought it in a shop on level 10 of the Dungeon)

   It protects you from fire.
 c - a +2 shield (worn)
 i - a +3 plate armour (worn)
 j - a +2 pair of gloves of strength (worn)
 G - a +1 cloak (worn)
 Z - a +1 pair of boots (worn)
Jewellery
 f - an uncursed ring of protection from magic
 H - a +3 ring of protection (left hand)
 L - a ring of poison resistance (right hand)
 S - an uncursed ring of protection from fire
 T - a +4 amulet of reflection (around neck)
Wands
 a - a wand of polymorph (15/24)
 h - a wand of lightning (2/15)
 q - a wand of clouds (7/9)
 s - a wand of paralysis (11/24)
 A - a wand of lightning (9/15)
 K - a wand of disintegration (11/24)
 O - a wand of confusion (23/48)
 P - a wand of paralysis (17/24)
 Q - a wand of digging (13/24)
 X - a wand of lightning (7/15)
Scrolls
 d - 3 scrolls of fear
 e - a scroll of amnesia
 l - 15 scrolls of remove curse
 o - 5 scrolls of fog
 t - 6 scrolls of teleportation
 z - 5 scrolls of recharging
 C - 3 scrolls of brand weapon
 F - a scroll of holy word
 N - 6 scrolls of magic mapping
Potions
 g - 4 potions of agility
 k - 2 potions of resistance
 n - 2 potions of cancellation
 p - 3 potions of ambrosia
 r - 2 potions of brilliance
 u - 4 potions of curing
 v - 4 potions of berserk rage
 B - 8 potions of might
 M - a potion of flight
 U - 4 potions of invisibility
 V - a potion of haste
Comestibles
 m - 2 chunks of flesh
 w - 15 bread rations
 y - a royal jelly
 D - 5 fruits


   Skills:
 + Level 15.3 Fighting
 * Level 10.6 Long Blades
 + Level 18.0 Axes
 * Level 13.1 Armour
 * Level 4.5 Dodging
 + Level 13.5 Shields
 - Level 9.9 Invocations
 - Level 10.3 Evocations


You had 16 spell levels left.
You didn't know any spells.

Dungeon Overview and Level Annotations

Branches:
Dungeon (15/15) Temple (1/1) D:6 Lair (6/6) D:11 Swamp (0/4) Lair:4 Spider (4/4) Lair:3 Slime (0/5) Lair:5 Orc (2/2) D:11 Elf (0/3) Orc:1 Orc:2 Vaults (0/5) D:14 Depths: D:15

Altars:
Ashenzari
Cheibriados
Dithmenos
Elyvilon
Fedhas
Gozag
Hepliaklqana
Kikubaaqudgha
Makhleb
Nemelex Xobeh
Okawaru
Qazlal
Ru
Sif Muna
Trog
Uskayaw
Vehumet
Wu Jian
Xom
Yredelemnul
Zin
The Shining One
Jiyva

Shops:
D:10 [   D:12 ?   Orc:2 =([*

Annotations:
D:14 exclusion: Roxanne, Roxanne


Message History

Press: ? - help, Shift-Dir - straight line, f/p - orb spider
Aim: an orb spider (heavily wounded, clinging)
Okay, then.
Things that are here:
a javelin; a +0 broad axe of electrocution Firing (i - inventory): No suitable missiles.
Press: ? - help, Shift-Dir - straight line, f/p - orb spider
Aim: an orb spider (heavily wounded, clinging)
Okay, then.
E - a javelin The orb spider begins to weave its threads into a brightly glowing ball.
Throwing (i - inventory):
E - a javelin (quivered)
Press: ? - help, Shift-Dir - straight line, f/p - orb spider
Aim: an orb spider (heavily wounded, fully charged, clinging)
You throw a javelin. The javelin hits the orb spider!
The orb spider is severely wounded.
The orb spider weaves a glowing orb of energy.
An orb of destruction comes into view.
The orb of destruction hits you!
You die...

.......##...# #...†.###...###....
....s..#...## #..#^^.#^....#...#
....s..#.^..###.†##...........#
...ss......###..###...........#
...s.......###s.# ##...%.†...#
.^..........##^§# ##.........##
....^.......##(§###^.......^..##
.............##§)#^..##'''##...#
..^......a....#.@##..##^..##..##
..........s...##..##..#...#..##
...............##..##^#.††#.## #
#...[.......s..^##..###...## ##
.................##^?##...# ##.
................^.#####.^.#####^.
.................................
......................^..........
.................................


You could see an orb spider.

Vanquished Creatures
  Arachne (Spider:2)
  Asterion (Spider:2)
  3 ghost moths
  An emperor scorpion (Spider:4)
  A stone giant (Orc:2)
  3 entropy weavers
  2 spark wasps (Spider:4)
  Azrael (Orc:2)
  A red draconian (Volcano)
  Snorg (D:14)
  3 ettins (Orc:2)
  Erica (D:9)
  3 centaur warriors
  8 hydras
  A death knight (D:14)
  7 two-headed ogres
  6 death yaks (Lair:5)
  Sonja (Orc:2)
  A skeletal warrior (D:15)
  A salamander mystic (Volcano)
  An unseen horror (D:13)
  A glowing orange brain (D:13)
  13 orb spiders
  A phantasmal warrior (D:14)
  2 necromancers
  2 orc knights
  Pikel (D:8)
  3 deep elf magi
  7 ugly things
  An orc sorcerer (Orc:1)
  14 wolf spiders
  An oklob plant (Lair:5)
  3 manticores
  9 cyclopes
  6 salamanders (Volcano)
  2 moths of wrath (Spider:4)
  6 black mambas
  6 elephants (Lair:5)
  14 spiny frogs
  2 torpor snails
  Joseph (D:9)
  A black mamba (shapeshifter) (D:14)
  Psyche (D:10)
  A centaur skeleton (D:14)
  2 freezing wraiths
  6 komodo dragons
  2 rime drakes (Lair:6)
  8 demonic crawlers
  4 trolls
  5 polar bears
  27 jumping spiders
  Prince Ribbit (D:5)
  9 hippogriffs
  14 hornets
  4 slime creatures (D:14)
  13 blink frogs
  The ghost of DEFE the Ducker, an amateur DECK of Xom (D:4)
  28 tarantellas
  A spriggan (shapeshifter) (D:13)
  75 redbacks
  2 wyverns
  A tarantella (shapeshifter) (D:14)
  30 yaks
  14 spriggans (Lair:6)
  Sigmund (D:3)
  2 wraiths (D:14)
  5 fire elementals
  A basilisk (Lair:6)
  A steam dragon (D:9)
  2 chaos spawn (D:9)
  4 wargs
  2 hungry ghosts (D:13)
  7 porcupines
  A hell hound (Orc:1)
  13 water moccasins
  24 orc warriors
  A slave (D:8)
  4 ice beasts
  A swamp drake (D:11)
  3 sky beasts
  15 ogres
  4 phantoms
  6 black bears
  6 boggarts
  5 centaurs
  9 crocodiles
  35 wolves
  21 bullfrogs
  2 big kobolds
  A water moccasin zombie (D:9)
  2 wyvern skeletons
  8 scorpions
  4 howler monkeys
  6 wights
  5 crimson imps
  3 bullfrog zombies
  3 centaur zombies
  6 hounds
  2 quasits
  4 jellies
  15 orc priests
  A bullfrog skeleton (D:10)
  27 orc wizards
  Jessica (D:3)
  6 iguanas
  Ijyb (D:3)
  Terence (D:3)
  13 worker ants
  3 hound skeletons
  Robin (D:3)
  6 gnolls
  A worker ant zombie (D:5)
  12 adders
  2 shadow imps (D:7)
  6 oozes
  An adder skeleton (D:4)
  3 dart slugs
  8 leopard geckos
  91 orcs
  A ball python (D:6)
  2 giant cockroaches (D:1)
  16 goblins
  4 hobgoblins
  24 jackals
  9 quokkas
  8 bats
  5 frilled lizards
  11 kobolds
  A leopard gecko skeleton (D:7)
  A quokka skeleton (D:5)
  A quokka zombie (D:4)
  7 rats
  10 fungi
911 creatures vanquished.

Vanquished Creatures (others)
  A cyclops (D:14)
  A tarantella (Spider:4)
  An orc warrior (D:11)
  A boggart (D:15)
  A jelly (D:15)
  12 fungi
  10 plants
27 creatures vanquished.

Grand Total: 938 creatures vanquished

Notes
Turn   | Place    | Note
-------+----------+-------------------------------------------
     0 | D:1      | tilp the Hill Orc Fighter began the quest for the Orb.
     0 | D:1      | Reached XP level 1. HP: 19/19 MP: 1/1
    35 | D:1      | Reached skill level 3 in Axes
   160 | D:1      | Reached XP level 2. HP: 27/27 MP: 2/2
   642 | D:1      | Reached skill level 4 in Axes
   822 | D:1      | Reached XP level 3. HP: 33/33 MP: 3/3
   908 | D:2      | Found a shattered altar of Ashenzari.
   927 | D:2      | Found a radiant altar of Vehumet.
  1514 | D:3      | Reached skill level 5 in Axes
  1514 | D:3      | Reached XP level 4. HP: 40/40 MP: 4/4
  1727 | D:3      | Noticed Jessica
  1752 | D:3      | Killed Jessica
  1861 | D:3      | Noticed Terence
  1877 | D:3      | Killed Terence
  1877 | D:3      | Reached skill level 6 in Axes
  1877 | D:3      | Reached XP level 5. HP: 28/46 MP: 5/5
  2108 | D:3      | Noticed Sigmund
  2113 | D:4      | Noticed DEFE's ghost (amateur DECK)
  2148 | D:3      | Noticed Robin
  2181 | D:3      | Killed Robin
  2181 | D:3      | Reached skill level 7 in Axes
  2371 | D:3      | Noticed Ijyb
  2373 | D:3      | Reached XP level 6. HP: 53/53 MP: 6/6
  2401 | D:3      | Killed Ijyb
  2568 | D:3      | Reached skill level 8 in Axes
  2748 | D:3      | Killed Sigmund
  2748 | D:3      | Reached skill level 9 in Axes
  2748 | D:3      | Reached XP level 7. HP: 51/60 MP: 7/7
  3001 | D:4      | Got a twisted ring mail
  3238 | D:4      | Paralysed by DEFE's ghost for 3 turns
  3459 | D:3      | Identified the +2 ring mail of Impatience {rF- rC++ SInv Stlth+} (You found it on level 4 of the Dungeon)
  3528 | D:4      | Reached skill level 10 in Axes
  3795 | D:4      | Reached skill level 5 in Fighting
  4116 | D:5      | Entered Level 5 of the Dungeon
  4135 | D:5      | Reached XP level 8. HP: 66/68 MP: 8/8
  4138 | D:5      | Reached skill level 11 in Axes
  4602 | D:5      | Noticed Prince Ribbit
  4618 | D:5      | Killed Prince Ribbit
  4618 | D:5      | Reached skill level 12 in Axes
  4702 | D:5      | Found a deep blue altar of Sif Muna.
  4976 | D:5      | Found a stormy altar of Qazlal.
  4977 | D:5      | Noticed a water elemental
  4979 | D:5      | Noticed an air elemental
  5196 | D:6      | Found a glowing golden altar of the Shining One.
  5246 | D:6      | Found a staircase to the Ecumenical Temple.
  5256 | Temple   | Entered the Ecumenical Temple
  5313 | Temple   | Became a worshipper of Warmaster Okawaru
  5552 | D:6      | Found a bloodstained altar of Trog.
  5605 | D:6      | Reached skill level 13 in Axes
  5605 | D:6      | Reached skill level 1 in Invocations
  5605 | D:6      | Reached skill level 1 in Evocations
  5605 | D:6      | Reached XP level 9. HP: 58/75 MP: 9/9
  5661 | D:6      | Found a hide-covered altar of Uskayaw.
  6107 | D:7      | Reached * piety under Okawaru
  6109 | D:7      | Reached skill level 14 in Axes
  7502 | D:8      | Found a glowing golden altar of the Shining One.
  7516 | D:8      | Identified Sif Muna's Disquisition on the Helpful Volcanoes
  7540 | D:8      | Noticed Pikel
  7553 | D:8      | Killed Pikel
  7553 | D:8      | Reached skill level 15 in Axes
  7553 | D:8      | Reached XP level 10. HP: 77/86 MP: 12/12
  7741 | D:8      | Reached ** piety under Okawaru
  7746 | D:8      | Found an ornate altar of the Wu Jian Council.
  8028 | D:8      | Found a white marble altar of Elyvilon.
  8538 | D:9      | Noticed Erica
  8556 | D:9      | Killed Erica
  8556 | D:9      | Reached skill level 16 in Axes
  8814 | D:9      | Found a shimmering altar of Xom.
  8988 | D:9      | Noticed Joseph
  8990 | D:9      | Found a basalt altar of Yredelemnul.
  9011 | D:9      | Killed Joseph
  9011 | D:9      | Reached *** piety under Okawaru
  9011 | D:9      | Reached skill level 5 in Invocations
  9105 | D:10     | Entered Level 10 of the Dungeon
  9185 | D:10     | Noticed Psyche
  9207 | D:10     | Killed Psyche
  9216 | D:10     | Reached XP level 11. HP: 85/95 MP: 12/15
  9566 | D:10     | Found Niuleism's Antique Armour Shop.
  9605 | D:10     | Bought a transparent scale mail for 180 gold pieces
  9605 | D:10     | Bought an encrusted helmet for 190 gold pieces
  9623 | D:10     | Identified the +0 helmet "Hatott" {rF+} (You bought it in a shop on level 10 of the Dungeon)
  9647 | D:10     | Identified the +2 scale mail "Irylum" {Regen+ Int-2 Dex+4 SInv} (You bought it in a shop on level 10 of the Dungeon)
  9708 | D:10     | Noticed a two-headed ogre
  9713 | D:10     | Killed a two-headed ogre
  9713 | D:10     | Reached **** piety under Okawaru
 10391 | D:11     | Noticed a deep elf mage
 10416 | D:11     | Reached skill level 5 in Evocations
 10418 | D:11     | Killed a deep elf mage
 10418 | D:11     | Reached skill level 5 in Shields
 10715 | D:11     | Noticed a purple ugly thing
 10735 | D:11     | Killed a purple ugly thing
 10888 | D:11     | Noticed a two-headed ogre
 10901 | D:11     | Killed a two-headed ogre
 10901 | D:11     | Reached skill level 5 in Armour
 11044 | D:11     | Found a staircase to the Lair.
 11126 | D:11     | Reached ***** piety under Okawaru
 11393 | D:11     | Reached skill level 1 in Long Blades
 11538 | D:11     | Found a staircase to the Orcish Mines.
 11616 | Orc:1    | Entered Level 1 of the Orcish Mines
 11616 | Orc:1    | Noticed an orc knight
 11874 | D:11     | Killed an orc knight
 11874 | D:11     | Received a gift from Okawaru
 12302 | Orc:2    | Entered Level 2 of the Orcish Mines
 12302 | Orc:2    | Found a staircase to the Elven Halls.
 12315 | Orc:2    | Noticed Azrael
 12515 | Orc:2    | HP: 4/99 [Azrael/bolt of fire (8)]
 12798 | Orc:2    | Noticed an ettin
 12878 | Lair:1   | Entered Level 1 of the Lair of Beasts
 12987 | Lair:1   | Reached XP level 12. HP: 78/106 MP: 17/17
 13181 | Lair:1   | Reached skill level 10 in Fighting
 13244 | Lair:1   | Noticed a six-headed hydra
 13253 | Lair:1   | Killed a one-headed hydra
 13857 | Lair:2   | Received a gift from Okawaru
 13919 | Lair:2   | Noticed a seven-headed hydra
 13929 | Lair:2   | Killed a four-headed hydra
 14119 | Lair:2   | Found a dark tunnel.
 14131 | Volcano  | Entered a volcano
 14209 | Volcano  | Found a bloodstained altar of Trog.
 14225 | Volcano  | Noticed a red draconian
 14253 | Volcano  | Killed a red draconian
 15540 | Lair:3   | Reached XP level 13. HP: 109/116 MP: 20/20
 15566 | Lair:3   | Reached skill level 5 in Long Blades
 15773 | Lair:3   | Found a hole to the Spider Nest.
 16259 | Lair:3   | Received a gift from Okawaru
 16263 | Lair:3   | Got a fine war axe {god gift}
 16264 | Lair:3   | Identified the +10 war axe "Liorew" {protect, MR+} (Okawaru gifted it to you on level 3 of the Lair of Beasts)
 16643 | Lair:4   | Found a staircase to the Swamp.
 17565 | Lair:5   | Received a gift from Okawaru
 17994 | Lair:5   | Found a glowing golden altar of the Shining One.
 18343 | Lair:5   | Found a viscous altar of Jiyva.
 18344 | Lair:5   | Found a staircase to the Slime Pits.
 18375 | Lair:5   | You fall through a shaft!
 18375 | Lair:6   | Entered Level 6 of the Lair of Beasts
 18383 | Lair:6   | Reached XP level 14. HP: 113/126 MP: 21/21
 18387 | Lair:6   | Reached ****** piety under Okawaru
 18520 | Lair:6   | Reached skill level 10 in Shields
 18773 | Lair:6   | Received a gift from Okawaru
 18782 | Lair:6   | Reached skill level 10 in Armour
 19212 | Lair:6   | Received a gift from Okawaru
 19673 | Lair:6   | Reached skill level 1 in Dodging
 21010 | D:4      | Killed DEFE's ghost
 21169 | Orc:2    | Killed Azrael
 21200 | Orc:2    | Found Vitez's General Store.
 21255 | Orc:2    | Found Fov Ettemm's Antique Weapon Shop.
 21596 | Orc:2    | Bought a scroll of identify for 26 gold pieces
 21596 | Orc:2    | Bought a scroll of magic mapping for 45 gold pieces
 21596 | Orc:2    | Bought a scroll of identify for 26 gold pieces
 21596 | Orc:2    | Bought a scroll of remove curse for 39 gold pieces
 21644 | Orc:2    | Received a gift from Okawaru
 21747 | Orc:2    | Noticed a stone giant
 21767 | Orc:2    | Killed a stone giant
 21780 | Orc:2    | Found Rukes's Antique Armour Boutique.
 21780 | Orc:2    | Noticed Sonja
 21800 | Orc:2    | Killed Sonja
 21813 | Orc:2    | Bought a dazzling scale mail for 333 gold pieces
 21927 | Orc:2    | Found Onker's Jewellery Emporium.
 21937 | Orc:2    | Reached XP level 15. HP: 97/136 MP: 14/22
 22852 | Orc:1    | Identified the +6 scale mail of Piareby {Dex+5} (You bought it in a shop on level 2 of the Orcish Mines)
 23056 | D:12     | Found Titizir's Magic Scroll Shop.
 24417 | D:13     | Received a gift from Okawaru
 24424 | D:13     | Got an ivory broad axe {god gift}
 24430 | D:13     | Identified the +6 broad axe "Demoufyr" {vamp, -Tele *Drain Int+10 Dex+8} (Okawaru gifted it to you on level 13 of the Dungeon)
 24453 | D:13     | Reached skill level 17 in Axes
 24890 | D:14     | Reached skill level 10 in Evocations
 24961 | D:14     | Received a gift from Okawaru
 25016 | D:14     | Found a gate to the Vaults.
 25056 | D:14     | Noticed Roxanne
 25532 | D:14     | Noticed Snorg
 25542 | D:14     | Killed Snorg
 25938 | D:15     | Entered Level 15 of the Dungeon
 26316 | Spider:1 | Entered Level 1 of the Spider Nest
 26457 | Spider:1 | Reached XP level 16. HP: 130/147 MP: 23/23
 27356 | Spider:2 | Noticed Arachne
 27452 | Spider:2 | Noticed Asterion
 27486 | Spider:2 | Killed Asterion
 27486 | Spider:2 | Received a gift from Okawaru
 27869 | Spider:2 | Killed Arachne
 28490 | Spider:3 | Reached skill level 10 in Long Blades
 28635 | Spider:3 | Received a gift from Okawaru
 29167 | Spider:4 | Entered Level 4 of the Spider Nest
 29214 | Spider:4 | Reached skill level 15 in Fighting
 30429 | Spider:4 | Upgraded the game from 0.21-a0-26-g7b23a2f to 0.21-a0-29-g43b3074
 30782 | Spider:4 | Reached XP level 17. HP: 156/156 MP: 24/24
 30914 | Spider:4 | Received a gift from Okawaru
 31029 | Spider:4 | Reached skill level 18 in Axes
 31562 | Spider:4 | Blown up by an orb spider

Vault maps used:
D:1:      shiori_arrival_oz
D:2:      nicolae_overflow_crystal_walls, fiery_altar_vehumet,
          hangedman_decor_points
D:3:      minmay_large_rounded_square, uniq_ijyb, uniq_jessica, uniq_robin,
          uniq_sigmund, uniq_terence
D:5:      nicolae_qazlal_style_of_elements, led_sif_book, first_bread,
          uniq_prince_ribbit1
D:6:      nicolae_tso_swordbearing_angel, overflow_temple_1_default,
          kennysheep_mini, minmay_temple_entry_statues_pillars
D:8:      elyvilon_altar_3, old_standard_altar, basic_altar, uniq_pikel
D:9:      lemuel_coloured_pillars_altar, hangedman_little_slice_of_home,
          minmay_guarded_unrand_variability, uniq_joseph, uniq_erica
D:10:     serial_shops, shop, minmay_liquid_box, grunt_ministairs_11,
          uniq_psyche
D:11:     minmay_cornered_nines, lair_entry_dummy, erik_orc_1
D:12:     serial_shops, nicolae_shop_stone
D:13:     minmay_tree_intersection
D:14:     david_vaults_4, serial_park_gazebo, uniq_roxanne, uniq_snorg
D:15:     gammafunk_depths_entry_grave, minmay_misc_feat_pillars,
          fedhas_altar_fruit_tree
Temple:   minmay_temple_bridge_abc
Lair:1:   serial_bayou_shore_b
Lair:2:   nicolae_volcano_entry_two_sided, serial_bayou_shore_b
Lair:3:   spider_nest_entry_funnel_web
Lair:4:   swamp_mist_pool, gammafunk_lair_bear_cave
Lair:5:   slime_altar_1, lemuel_oklob_altar, infiniplex_staircase_pool_2
Lair:6:   minmay_lair_end_enchanted_forest
Spider:2: uniq_arachne, uniq_asterion
Spider:4: johnstein_spider_rune_arachne_lair, worms_lemuel
Orc:2:    grunt_orc_gardens, grunt_orc_garden, grunt_orc_garden,
          grunt_orc_garden, grunt_orc_garden, uniq_azrael, uniq_sonja
Volcano:  kennysheep_volcano_temple

Skill      XL: |  1  2  3  4  5  6  7  8  9 10 11 12 13 14 15 16 17 |
---------------+----------------------------------------------------+-----
Axes           | 3 4 5 6 7 9 10 13 15 16 17 18 | 18.0
Fighting       | 4 5 7 8 9 11 12 13 14 15 | 15.3
Invocations    | 1 3 5 7 9 |  9.9
Evocations     | 1 3 4 5 7 8 9 10 | 10.3
Shields        | 6 7 9 11 12 13 | 13.5
Armour         | 6 7 9 11 12 13 | 13.1
Long Blades    | 2 4 6 7 9 10 | 10.6
Dodging        | 1 4 |  4.5

Action                   |  1- 3 |  4- 6 |  7- 9 | 10-12 | 13-15 | 16-18 || total
-------------------------+-------+-------+-------+-------+-------+-------++-------
Melee: War axe           |    81 |   183 |   474 |   788 |  1164 |   615 ||  3305
       Scimitar          |       |       |       |    13 |       |       ||    13
       Demon blade       |       |       |       |       |    49 |       ||    49
Throw: Javelin           |     1 |     4 |    10 |     9 |     8 |    18 ||    50
       Tomahawk          |       |       |       |    10 |       |       ||    10
Invok: Heroism           |       |       |       |    17 |    12 |     7 ||    36
       Finesse           |       |       |       |     7 |    11 |     4 ||    22
Evoke: Wand              |       |       |       |       |       |     2 ||     2
  Use: Scroll            |       |       |    17 |    11 |    19 |     8 ||    55
       Potion            |       |       |     1 |     5 |     5 |     3 ||    14
 Stab: Confused          |       |       |       |     1 |       |       ||     1
  Eat: Chunk             |     2 |     4 |     3 |    30 |    21 |     1 ||    61
       Meat ration       |       |       |     2 |     1 |     4 |     1 ||     8
       Royal jelly       |       |       |     2 |       |     1 |     2 ||     5
       Fruit             |       |       |       |       |     1 |       ||     1
Armor: Scale mail        |    67 |    81 |     5 |       |       |       ||   153
       Chain mail        |       |       |   123 |       |       |       ||   123
       Plate armour      |       |       |    90 |   331 |   461 |   367 ||  1249
Dodge: Dodged            |    35 |    50 |    63 |   106 |   189 |   145 ||   588
Block: Shield            |    50 |    80 |   184 |   405 |   851 |   587 ||  2157
       Reflection        |       |       |       |       |    32 |     2 ||    34
       Rpst.: Demon blade |       |       |       |       |     5 |       ||     5
